 Dungeon Crawl Stone Soup version 0.31-a0-1511-g961fd35ebc (webtiles) character file.

Game seed: 5192059204690860042

340 Querens the Shield-Bearer (level 6, -13/50 HPs)
             Began as a Formicid Fighter on Dec 30, 2023.
             Was an Initiate of Okawaru.
             Killed by nerve-wracking pain
             ... invoked by Menkaure
              (14 damage)
             ... on level 4 of the Dungeon.
             The game lasted 00:08:31 (2650 turns).

Querens the Shield-Bearer (Formicid Fighter)        Turns: 2650, Time: 00:08:32

Health: -13/50     AC: 10    Str: 23    XL:     6   Next: 87%
Magic:  6/6        EV:  8    Int:  9    God:    Okawaru [......]
Gold:   139        SH:  5    Dex: 13    Spells: 5/5 levels left

rFire   . . .        q - +4 hammer of Dividends {elec, rPois Int+2}
rCold   . . .        c - +0 buckler
rNeg    . . .        i - +0 chain mail
rPois   +            (helmet unavailable)
rElec   .            k - +0 cloak
rCorr   .            (no gloves)
SInv    +            (no boots)
Will    .....        (no amulet) Stlth
                     (no ring)
HPRegen 0.28/turn    (no ring)
MPRegen 0.10/turn

%: no passive effects
@: mighty
A: permanent stasis, dig shafts and tunnels, antennae 3, four strong arms
a: Dig, Shaft Self, Renounce Religion


You were on level 4 of the Dungeon.
You worshipped Okawaru.
Okawaru was noncommittal.
You visited 2 branches of the dungeon, and saw 5 of its levels.

You collected 139 gold pieces.

Inventory:

Hand Weapons
 a - a +0 war axe
 q - the +4 hammer of Dividends (weapon) {elec, rPois Int+2}
   (You found it on level 2 of the Dungeon)

   Int+2:     It affects your intelligence (+2).
   rPois:     It protects you from poison
Armour
 c - a +0 buckler (worn)
 i - a +0 chain mail (worn)
 k - a +0 cloak (worn)
Talismans
 l - a serpent talisman
Scrolls
 b - a scroll of revelation {unknown}
 e - a scroll of noise {unknown}
 h - 3 scrolls of identify {unknown}
 j - 3 scrolls of poison {unknown}
 m - a scroll of teleportation {unknown}
 n - a scroll of enchant armour {unknown}
 s - a scroll of torment {unknown}
Potions
 f - a potion of enlightenment {unknown}
 g - 2 potions of heal wounds {unknown}
 o - a potion of invisibility {unknown}
 p - 2 potions of curing {unknown}
 r - a potion of magic {unknown}
 t - a potion of haste {unknown}


   Skills:
 + Level 4.8 Fighting
 + Level 3.7 Axes
 + Level 4.8 Armour
 + Level 5.8 Shields


You had 5 spell levels left.
You didn't know any spells.
Your spell library contained the following spells:

 Spells                   Type           Power      Damage    Failure   Level
 Ensorcelled Hibernation  Hex/Ice        0%         N/A       99%         2
 Passwall                 Erth           0%         N/A       100%        3
 Swiftness                Air            Unusable   N/A       N/A         3

Dungeon Overview and Level Annotations

Branches:
Dungeon (4/15)             Temple (1/1) D:4

Altars:
Ashenzari
Dithmenos
Elyvilon
Fedhas
Gozag
Hepliaklqana
Kikubaaqudgha
Nemelex Xobeh
Okawaru
Qazlal
Sif Muna
Uskayaw
Vehumet
Wu Jian
Zin

Annotations:
D:4 Grinder, Menkaure


Innate Abilities, Weirdness & Mutations

You cannot be hasted, slowed, berserked, paralysed or teleported.
You can dig through walls and to a lower floor.
You have a pair of large antennae on your head. (SInv)
Your four strong arms can wield two-handed weapons with a shield.


Message History

Menkaure shouts!
A howler monkey comes into view.
There is an open door here.
A bombardier beetle comes into view.
The howler monkey howls!
Menkaure calls on the powers of darkness!
The bombardier beetle convulses!
The howler monkey convulses!
Your body is wracked with pain!
A bombardier beetle comes into view.
Menkaure gestures wildly while chanting.
Menkaure seems to speed up.
Menkaure calls on the powers of darkness!
The bombardier beetle convulses! x2; The howler monkey convulses!
Your body is wracked with pain!
* * * LOW HITPOINT WARNING * * *
The howler monkey hoots and howls with incredible vigour!
You hear a shout!
There is an open door here.
The howler monkey hoots and howls with incredible vigour!
You close the door.
A howler monkey breaks down the door.
You feel very mighty all of a sudden.
The howler monkey hoots and howls with incredible vigour!
You barely miss the howler monkey.
The howler monkey is severely wounded.
You block the howler monkey's attack. The howler monkey barely misses you.
You sock Menkaure!
Menkaure is moderately damaged.
Menkaure gestures at you while chanting.
Pain shoots through your body!
* * * LOW HITPOINT WARNING * * *
The howler monkey closely misses you. Menkaure hits you!
* * * LOW HITPOINT WARNING * * *
Unknown command.
You sock Menkaure!
Menkaure is almost destroyed.
The howler monkey hits you.
* * * LOW HITPOINT WARNING * * *
Menkaure points at you and mumbles some strange words.
Pain shoots through your body!
You die...

#######+##### #.....
#...........##+### #.#...
#.#..............# #.#...
#.#..............# #.##..
#####................# #.....
.....................# #.....
.....................# #.....
.................M...# #.....
≈≈≈≈≈...........@h...# #.....
≈≈≈≈≈≈≈.........##'#########....>
≈≈≈≈≈~~≈≈..######.{........####'#
≈≈≈≈~~≈≈≈≈.# #..{....... #.#
≈...≈≈≈≈≈≈.# #.......... #..
≈.>.≈≈≈≈≈≈.# #.......... ###
≈...≈≈≈≈≈≈.# ####.......
≈≈≈≈≈≈≈≈≈..#########.......
≈≈≈≈≈≈≈............#.......


You could see Menkaure (fast) and a howler monkey.

Vanquished Creatures
  Blork the orc (D:4)
  A hound (D:4)
  A bombardier beetle (D:3)
  Crazy Yiuf (D:2)
  Jessica (D:2)
  Natasha (thrice) (D:2)
  An adder (D:2)
  3 dart slugs
  2 ribbon worms (D:3)
  13 endoplasms
  2 giant cockroaches (D:2)
  6 hobgoblins
  9 jackals
  2 kobolds (D:1)
  5 quokkas
  2 ball pythons
  2 bats
  2 goblins
  6 rats
63 creatures vanquished.

Notes
Turn   | Place    | Note
-------+----------+-------------------------------------------
     0 | D:1      | Querens the Formicid Fighter began the quest for the Orb.
     0 | D:1      | Reached XP level 1. HP: 18/18 MP: 1/1
   234 | D:1      | Reached XP level 2. HP: 23/24 MP: 2/2
   543 | D:1      | Reached XP level 3. HP: 28/29 MP: 3/3
   769 | D:2      | Noticed Natasha
   777 | D:2      | Killed Natasha
   778 | D:2      | Reached XP level 4. HP: 33/37 MP: 4/4
   849 | D:2      | Noticed Natasha
   854 | D:2      | Killed Natasha
   925 | D:2      | Noticed Jessica
   932 | D:2      | Killed Jessica
   933 | D:2      | Reached skill level 5 in Shields
   933 | D:2      | Reached XP level 5. HP: 34/42 MP: 5/5
  1198 | D:2      | Noticed Natasha
  1209 | D:2      | Killed Natasha
  1257 | D:2      | Found a broken altar of Ashenzari.
  1384 | D:3      | Reached XP level 6. HP: 47/49 MP: 6/6
  1906 | D:4      | Noticed Grinder
  1942 | D:4      | Noticed Blork the orc
  2030 | D:4      | Killed Blork the orc
  2252 | D:2      | Found a runed translucent door.
  2253 | D:2      | Noticed Crazy Yiuf
  2261 | D:2      | Killed Crazy Yiuf
  2265 | D:2      | Identified the +4 hammer of Dividends {elec, rPois Int+2}
  2325 | D:4      | Found a white marble altar of Elyvilon.
  2462 | D:4      | Found a broken altar of Ashenzari.
  2549 | D:4      | Found a staircase to the Ecumenical Temple.
  2558 | Temple   | Entered the Ecumenical Temple
  2586 | Temple   | Became a worshipper of Warmaster Okawaru
  2637 | D:4      | Noticed Menkaure
  2650 | D:4      | HP: 1/50 [howler monkey (2)]
  2650 | D:4      | Killed from afar by Menkaure

Illustrated notes

Levels and vault maps discovered:
D:1:      dpeg_arrival_shelter, layout_basic, serial_forest,
          infiniplex_forest_clump_long, infiniplex_forest_corner_1,
          infiniplex_forest_clump_double, infiniplex_forest_clump_double,
          infiniplex_forest_zigzag_1, infiniplex_forest_straight_1,
          infiniplex_forest_clump_cross
D:2:      layout_basic, basic_altar, uniq_crazy_yiuf_cottage, uniq_natasha,
          uniq_jessica
D:3:      layout_basic, chequers_serial_rivers_room_a
D:4:      layout_basic, ashenzari_conservatory_becter,
          nicolae_overflow_crystal_walls, temple_pool_b, uniq_grinder,
          uniq_blork_the_orc, uniq_pikel, uniq_menkaure
Temple:   oiseaux_autumnal_temple

Skill      XL: |  1  2  3  4 |
---------------+-------------+-----
Fighting       | 4 |  4.8
Armour         | 4 |  4.8
Axes           | 3 |  3.7
Shields        | 5 |  5.8

Action                     |  1- 3 |  4- 6 || total
---------------------------+-------+-------++-------
  Melee: War axe           |    54 |    97 ||   151
         Mace              |       |     9 ||     9
    Use: Potion            |       |     1 ||     1
 Armour: Scale mail        |    29 |    16 ||    45
         Chain mail        |       |    64 ||    64
  Dodge: Dodged            |    21 |    41 ||    62
  Block: Buckler           |    10 |    33 ||    43

Table legend: (Time is in decaauts)
 A = Elapsed time spent in this place.
 B = Non-inter-level travel time spent in this place.
 C = Inter-level travel time spent in this place.
 D = Time resting spent in this place.
 E = Time spent auto-exploring this place.
 F = Levels seen in this place.
 G = Mean time per level.
                   A        B        C        D        E       F      G
               +--------+--------+--------+--------+--------+-----+--------+
         Total |   2716 |   2317 |    399 |      0 |      0 |   5 |  543.2 |
       Dungeon |   2659 |   2314 |    345 |      0 |      0 |   4 |  664.8 |
        Temple |     56 |      2 |     54 |      0 |      0 |   1 |   56.0 |
               +--------+--------+--------+--------+--------+-----+--------+

Top non-repeatable levels by time:
     D:3: 777 daAuts
     D:1: 718 daAuts
     D:2: 694 daAuts
     D:4: 468 daAuts
  Temple: 56 daAuts
